 Dungeon Crawl Stone Soup version 0.24-a0-201-gf205589 (webtiles) character file.

Game seed: 16330022786459059557

85 Borgoz the Bolt Thrower (level 4, -1/27 HPs)
             Began as a Kobold Hunter on Mar 24, 2019.
             Slain by a worker ant (2 damage)
             ... on level 4 of the Dungeon.
             The game lasted 00:05:01 (3527 turns).

Borgoz the Bolt Thrower (Kobold Hunter)             Turns: 3527, Time: 00:05:02

Health: -1/27      AC:  3    Str: 10    XL:     4   Next: 75%
Magic:  4/4        EV: 15    Int: 15    God:
Gold:   163        SH:  0    Dex: 15    Spells: 3/3 levels left

rFire    . . .     SeeInvis .   a - +0 short sword
rCold    . . .     Gourm    .   (shield restricted)
rNeg     . . .     Faith    .   c - +0 leather armour
rPois    .         Spirit   .   (no helmet)
rElec    .         Reflect  .   (no cloak)
rCorr    .         Harm     .   (no gloves)
MR       .....                  (no boots)
Stlth    ++........             (no amulet)
HPRegen  0.09/turn              h - +3 ring of intelligence
MPRegen  0.09/turn              (no ring)

@: lethally poisoned (-1 -> -4)
A: small, carnivore
a: no special abilities


You were on level 4 of the Dungeon.
You were very full.

You visited 1 branch of the dungeon, and saw 4 of its levels.

You collected 163 gold pieces.

Inventory:

Hand Weapons
 a - a +0 short sword (weapon)
 b - a +1 hand crossbow
Missiles
 d - 18 bolts
Armour
 c - a +0 leather armour (worn)
Jewellery
 h - a +3 ring of intelligence (left hand)
Scrolls
 g - 5 scrolls of teleportation
 k - a scroll of identify {unknown}
 l - a scroll of amnesia {unknown}
 m - a scroll of enchant armour {unknown}
 o - 4 scrolls of magic mapping {unknown}
 q - a scroll of fog {unknown}
 r - a scroll of immolation {unknown}
 u - a scroll of random uselessness {unknown}
 v - a scroll of remove curse {unknown}
Potions
 e - a potion of curing
 i - a potion of heal wounds {unknown}
 j - a potion of agility {unknown}
 n - a potion of degeneration {unknown}
 p - 2 potions of flight {unknown}
 s - a potion of haste {unknown}
 t - a potion of mutation {unknown}
Comestibles
 f - 4 rations


   Skills:
 + Level 2.8 Fighting
 + Level 1.8 Short Blades
 - Level 4.8 Crossbows
 + Level 1.2 Throwing
 * Level 1.5 Armour
 + Level 3.0 Dodging
 + Level 2.3 Stealth


You had 3 spell levels left.
You didn't know any spells.
Your spell library was empty.

Dungeon Overview and Level Annotations

Branches:
Dungeon (4/15)
 Temple: D:4-7

Altars:
Sif Muna


Innate Abilities, Weirdness & Mutations

You are small and have problems with some larger weapons.
You are carnivorous and can eat meat at any time.


Message History

The worker ant bites you.
* * * LOW HITPOINT WARNING * * *
You feel better.
The worker ant bites you but does no damage.
You hit the worker ant but do no damage.
The worker ant is almost dead.
The worker ant bites you.
* * * LOW HITPOINT WARNING * * *
The worker ant bites you but does no damage.
You barely miss the worker ant.
The worker ant is almost dead.
The worker ant bites you.
* * * LOW HITPOINT WARNING * * *
You are lethally poisoned!
The worker ant poisons you!
You hit the worker ant.
The worker ant is almost dead.
* * * LOW HITPOINT WARNING * * *
You feel sick. The worker ant bites you.
You die...

#..............#
+..............#
#..............#
#..............#
###...####.....#
##+######...#
....
#...........# ..
#...........#
#..a@......#
#..........#
#...........#
##.....######
#######


You could see a worker ant.

Vanquished Creatures
  An adder (D:4)
  An ooze (D:1)
  5 worms
  A dart slug (D:2)
  3 leopard geckos
  6 bats
  2 giant cockroaches (D:1)
  5 hobgoblins
  A jackal (D:2)
  8 kobolds
  A quokka (D:2)
  A ball python (D:2)
  6 frilled lizards
  6 goblins
  7 rats
54 creatures vanquished.

Notes
Turn   | Place    | Note
-------+----------+-------------------------------------------
     0 | D:1      | Borgoz the Kobold Hunter began the quest for the Orb.
     0 | D:1      | Reached XP level 1. HP: 12/12 MP: 1/1
   305 | D:1      | Reached XP level 2. HP: 17/17 MP: 2/2
   771 | D:1      | Reached skill level 1 in Short Blades
   967 | D:1      | Reached XP level 3. HP: 13/22 MP: 3/3
  1118 | D:1      | Reached skill level 1 in Armour
  1808 | D:2      | Reached XP level 4. HP: 12/27 MP: 4/4
  2299 | D:2      | Reached skill level 1 in Throwing
  2957 | D:3      | Found a deep blue altar of Sif Muna.
  3527 | D:4      | HP: 1/27 [poisoned by a worker ant]
  3527 | D:4      | Slain by a worker ant

Levels and vault maps discovered:
D:1:      saegor_arrival_simple_c, layout_basic
D:2:      layout_basic, kennysheep_generic_room_2
D:3:      layout_loops_cross, led_sif_pool, biasface_ghost_orc_armoury,
          uniq_robin, uniq_crazy_yiuf_cottage
D:4:      layout_gridville, first_ration

Skill      XL: |  1  2  3  4 |
---------------+-------------+-----
Short Blades   | 1 |  1.8
Armour         | 1 |  1.5
Stealth        | 2 |  2.3
Dodging        | 3 |  3.0
Throwing       | 1 |  1.2
Fighting       | |  2.8
Crossbows      | |  4.8

Action                   |  1- 3 |  4- 6 || total
-------------------------+-------+-------++-------
Melee: Short sword       |   157 |   130 ||   287
 Fire: Hand crossbow     |     1 |     9 ||    10
  Use: Scroll            |     1 |       ||     1
       Potion            |       |     2 ||     2
 Stab: Sleeping          |     3 |       ||     3
  Eat: Chunk             |    11 |     4 ||    15
Armor: Leather armour    |    31 |    23 ||    54
Dodge: Dodged            |   140 |    93 ||   233

Table legend:
 A = Non-vault XP
 B = Vault XP
 C = Vault XP percentage of total XP
 D = Non-vault monster count
 E = Vault monster count
 F = Vault count percentage of total count
                 A         B        C        D         E       F
            +---------+---------+-------+---------+---------+-------
      Total |     119 |       3 |   2.5 |      52 |       2 |   3.7
            +---------+---------+-------+---------+---------+-------
        D:1 |      40 |       0 |   0.0 |      22 |       0 |   0.0
        D:2 |      52 |       3 |   5.5 |      24 |       2 |   7.7
        D:3 |       9 |       0 |   0.0 |       4 |       0 |   0.0
        D:4 |      18 |       0 |   0.0 |       2 |       0 |   0.0
            +---------+---------+-------+---------+---------+-------
